[Event "Titled Tuesday Blitz December 13 Late 2022"]
[White "Blanco Acevedo, Cristobal Jose"]
[Black "Young, Ryan"]
[WhiteFideId "3900525"]
[BlackFideId "2049945"]
[WhiteElo "2273"]
[BlackElo "2319"]
[Result "1-0"]
[Round "08"]
[TimeControl "180+1"]
[Date "2022.12.14"]
[WhiteClock "0:00:13"]
[BlackClock "0:00:05"]

1. d4 Nf6 2. Nf3 d5 3. e3 c5 4. c3 Nc6 5. dxc5 a5 6. Bb5 e6 7. b4 Be7 8. Ne5 Bd7 9. Nxd7 Qxd7 10. Nd2 O-O 11. a3 Rfb8 12. Nf3 Qc7 13. Bxc6 bxc6 14. Bd2 Ne4 15. O-O Bf6 16. Nd4 g6 17. f3 Nxd2 18. Qxd2 e5 19. Nb3 a4 20. Nc1 e4 21. fxe4 Be5 22. exd5 Bxh2+ 23. Kh1 Qe5 24. g4 Bg3 25. d6 Qg5 26. Qg2 Be5 27. Ne2 Qh6+ 28. Kg1 Qxe3+ 29. Rf2 Re8 30. Rf1 Rf8 31. Qf3 Qxf3 32. Rxf3 Bg7 33. Nd4 Rac8 34. Re3 h6 35. Rfe1 Kh7 36. Re7 Bf6 37. Rd7 Kg7 38. Ra7 Rce8 39. Ne6+ Rxe6 40. Rxe6 Bxc3 41. Ree7 Bd4+ 42. Kg2 Bf6 43. Rec7 Bb2 44. d7 Bxa3 45. Rc8 1-0


[Site "https://www.chess.com"]

[Event "Titled Tuesday Blitz December 13 Late 2022"]
[White "Bluebaum, Matthias"]
[Black "Samsonkin, Artiom"]
[WhiteFideId "24651516"]
[BlackFideId "13503111"]
[WhiteElo "2634"]
[BlackElo "2524"]
[Result "0-1"]
[Round "08"]
[TimeControl "180+1"]
[Date "2022.12.13"]
[WhiteClock "0:00:24"]
[BlackClock "0:00:12"]

1. d4 Nf6 2. c4 e6 3. Nc3 Bb4 4. e3 O-O 5. Bd2 b6 6. Nf3 Bb7 7. Bd3 Bxc3 8. Bxc3 Ne4 9. Bxe4 Bxe4 10. d5 f6 11. Nd2 Bg6 12. h4 h6 13. Qg4 Qe8 14. h5 Bh7 15. Qg3 Na6 16. b4 d6 17. a3 Nb8 18. Qh3 Bf5 19. Qf3 Nd7 20. e4 Bh7 21. Qe2 e5 22. g4 a6 23. f3 Rc8 24. Kf2 c6 25. Rac1 Kh8 26. Kg2 Bg8 27. Rhd1 cxd5 28. cxd5 f5 29. exf5 Bxd5 30. Ne4 Bxe4 31. Qxe4 Nf6 32. Qe2 Qe7 33. Qxa6 d5 34. Bb2 Rxc1 35. Rxc1 e4 36. Qe2 exf3+ 37. Qxf3 Ne4 38. Rc6 Qg5 39. Bc1 Qh4 40. Bf4 Rd8 41. Rc1 Re8 42. Qh3 Qf2+ 43. Kh1 Qxf4 44. Rf1 Nf2+ 45. Kg2 Nxh3 46. Rxf4 Nxf4+ 47. Kf3 d4 48. Kxf4 d3 49. Kf3 d2 50. f6 d1=Q+ 51. Kf4 Qd4+ 52. Kf5 Qxf6# 0-1


[Site "https://www.chess.com"]

[Event "Titled Tuesday Blitz December 13 Late 2022"]
[White "Burke, Paul"]
[Black "Curtis, John"]
[WhiteFideId "2605767"]
[BlackFideId "3200256"]
[WhiteElo "1926"]
[BlackElo "2203"]
[Result "0-1"]
[Round "08"]
[TimeControl "180+1"]
[Date "2022.12.14"]
[WhiteClock "0:00:34"]
[BlackClock "0:01:44"]

1. e4 c5 2. d4 cxd4 3. c3 d3 4. Bxd3 d5 5. exd5 Qxd5 6. Nf3 Nc6 7. Be2 Qxd1+ 8. Bxd1 Bf5 9. O-O e6 10. Be3 Nge7 11. Nd4 Nxd4 12. Bxd4 Nc6 13. Bf3 Nxd4 14. cxd4 O-O-O 15. Nc3 Kb8 16. d5 Bb4 17. Rfd1 Bxc3 18. bxc3 exd5 19. Bxd5 Rd7 20. c4 Rhd8 21. f3 Be6 22. Rab1 Bxd5 23. cxd5 Rxd5 24. Re1 R8d7 25. Re8+ Kc7 26. Rc1+ Kb6 27. Rb1+ Ka6 28. Re3 Rd1+ 29. Rxd1 Rxd1+ 30. Kf2 Rd2+ 31. Kg3 Rxa2 32. Re7 b5 33. Rxf7 b4 34. Rxg7 b3 35. Rg4 Ra5 36. Rb4 Rb5 37. Ra4+ Kb6 38. Ra1 b2 39. Rb1 a5 40. Kg4 a4 41. f4 h5+ 0-1


[Site "https://www.chess.com"]

[Event "Titled Tuesday Blitz December 13 Late 2022"]
[White "Chigaev, Maksim"]
[Black "Deac, Bogdan-Daniel"]
[WhiteFideId "4108116"]
[BlackFideId "1226380"]
[WhiteElo "2542"]
[BlackElo "2649"]
[Result "1-0"]
[Round "08"]
[TimeControl "180+1"]
[Date "2022.12.13"]
[WhiteClock "0:00:05"]
[BlackClock "0:00:03"]

1. d4 Nf6 2. c4 e6 3. Nf3 d5 4. g3 dxc4 5. Bg2 Bd7 6. O-O Bc6 7. Qc2 b5 8. a4 a6 9. Nc3 b4 10. Nb1 Be7 11. Nbd2 O-O 12. Nxc4 Be4 13. Qd1 Qc8 14. Bf4 Nd5 15. Rc1 Nxf4 16. gxf4 Qd8 17. e3 f6 18. Nfd2 Bxg2 19. Kxg2 Nd7 20. Qf3 f5 21. Qc6 Bd6 22. Nxd6 cxd6 23. Qxd6 Qe8 24. Nf3 h6 25. Kh1 Nf6 26. Rc6 Kh8 27. Ne5 Qh5 28. f3 Rac8 29. Rg1 Rxc6 30. Qxc6 Qe8 31. Qxa6 Kh7 32. Qc6 Nd5 33. Qxe8 Rxe8 34. a5 Nxe3 35. a6 Ra8 36. Ra1 Nc2 37. Ra5 Nxd4 38. a7 Nb3 39. Ra4 Nc5 40. Ra5 Nb3 41. Ra4 Nc5 42. Ra1 Nb3 43. Ra2 Nd4 44. Ra6 b3 45. Kg2 Ne2 46. Kf2 Nxf4 47. Nc4 Nd3+ 48. Ke3 Nb4 49. Ra4 Nd5+ 50. Kd4 g5 51. Kc5 g4 52. fxg4 f4 53. Nb6 1-0


[Site "https://www.chess.com"]

[Event "Titled Tuesday Blitz December 13 Late 2022"]
[White "Crevatin, Leo"]
[Black "Kamsky, Gata"]
[WhiteFideId "1726307"]
[BlackFideId "2000024"]
[WhiteElo "2190"]
[BlackElo "2666"]
[Result "1/2-1/2"]
[Round "08"]
[TimeControl "180+1"]
[Date "2022.12.13"]
[WhiteClock "0:01:40"]
[BlackClock "0:01:24"]

1. d4 f5 2. Nf3 Nf6 3. Bg5 e6 4. Nbd2 d5 5. e3 Be7 6. c4 O-O 7. Be2 c6 8. O-O Bd7 9. Ne5 Be8 10. Qc2 Nbd7 11. cxd5 cxd5 12. Nxd7 Bxd7 13. Rac1 Rc8 14. Qb3 Qb6 15. Qxb6 axb6 16. a3 b5 17. Nb3 b6 18. Rxc8 Rxc8 19. Rc1 Rxc1+ 20. Nxc1 b4 21. axb4 Bxb4 22. Nd3 Bf8 23. Bf4 Bb5 24. Nc1 Bxe2 25. Nxe2 Kf7 26. Kf1 Bb4 27. f3 Nd7 28. Nc1 Ke7 29. Nd3 Bd6 30. Bxd6+ Kxd6 31. Ke2 g5 32. Kd2 Kc6 33. Kc3 Kb5 34. Kb3 Ka5 35. Nb4 Kb5 36. Nd3 Ka5 37. Nb4 Kb5 38. Nd3 1/2-1/2


[Site "https://www.chess.com"]

[Event "Titled Tuesday Blitz December 13 Late 2022"]
[White "De Souza, Cristiano Gomes"]
[Black "Bettalli, Francesco"]
[WhiteFideId "2151758"]
[BlackFideId "2816453"]
[WhiteElo "2068"]
[BlackElo "2216"]
[Result "0-1"]
[Round "08"]
[TimeControl "180+1"]
[Date "2022.12.14"]
[WhiteClock "0:00:10"]
[BlackClock "0:00:50"]

1. d4 g6 2. c4 Bg7 3. Nf3 d6 4. Nc3 c5 5. e3 Nf6 6. Be2 O-O 7. O-O b6 8. b3 Bb7 9. Bb2 Nbd7 10. Nb5 a6 11. Na3 Qc7 12. Rc1 e5 13. d5 Ne8 14. Nd2 f5 15. e4 Nef6 16. Bd3 Nh5 17. g3 f4 18. Be2 fxg3 19. hxg3 Nhf6 20. Nc2 Rae8 21. Ne3 h6 22. Ng4 Nxg4 23. Bxg4 Nf6 24. Be6+ Kh7 25. Qe2 Bc8 26. Bxc8 Qxc8 27. Kg2 Nh5 28. Rc3 Qd8 29. Rf3 Qg5 30. Qe3 Rxf3 31. Qxg5 Rxf2+ 32. Rxf2 hxg5 33. Rf7 g4 34. Rd7 Rf8 35. Rxd6 Bh6 36. Nf1 Nf6 37. Bxe5 Nxe4 38. Rd7+ Kg8 39. Rb7 Rf2+ 40. Kg1 Rxa2 41. d6 Bg5 42. Rg7+ Kf8 43. Rxg6 Kf7 44. Rg7+ Ke6 45. Bf4 Bxf4 46. gxf4 Nxd6 47. Rxg4 Kf5 48. Rg5+ Kxf4 49. Rg6 Nf5 50. Rxb6 a5 51. Rf6 Rb2 52. Ra6 Nd4 53. Nh2 Ne2+ 54. Kf1 Ng3+ 55. Kg1 Rxb3 56. Rxa5 Ne4 57. Ra8 Rg3+ 58. Kf1 Ke3 59. Rf8 Nd2+ 60. Ke1 Rg1+ 61. Nf1+ Rxf1+ 62. Rxf1 Nxf1 63. Kxf1 Kd3 64. Ke1 Kxc4 65. Kd1 Kd3 66. Kc1 Kc3 67. Kb1 Kd2 68. Kb2 c4 69. Ka3 c3 0-1


[Site "https://www.chess.com"]

[Event "Titled Tuesday Blitz December 13 Late 2022"]
[White "Di Berardino, Diego Rafael"]
[Black "Jimenez Almeida, Luis David"]
[WhiteFideId "2105446"]
[BlackFideId "22242244"]
[WhiteElo "2441"]
[BlackElo "2158"]
[Result "1-0"]
[Round "08"]
[TimeControl "180+1"]
[Date "2022.12.14"]
[WhiteClock "0:00:16"]
[BlackClock "0:00:05"]

1. e4 Nf6 2. e5 Nd5 3. d4 d6 4. exd6 exd6 5. c4 Nb6 6. Nc3 Be7 7. Bd3 O-O 8. Nge2 Bg4 9. O-O Nc6 10. Be3 Nb4 11. b3 Nxd3 12. Qxd3 Qd7 13. Ng3 d5 14. c5 Nc8 15. f4 Bh4 16. Nce2 Ne7 17. h3 Bxg3 18. Nxg3 Bf5 19. Nxf5 Nxf5 20. Bf2 Rfe8 21. g4 Ne7 22. Rae1 a6 23. f5 Nc6 24. Bg3 Re4 25. Rxe4 dxe4 26. Qxe4 Nxd4 27. Re1 h6 28. Kg2 Rd8 29. Rd1 b6 30. cxb6 cxb6 31. Bf2 1-0


[Site "https://www.chess.com"]

[Event "Titled Tuesday Blitz December 13 Late 2022"]
[White "Dias, Joao Batista"]
[Black "Arbunic Castro, Giovanna"]
[WhiteFideId "2108240"]
[BlackFideId "3400549"]
[WhiteElo "1898"]
[BlackElo "1940"]
[Result "0-1"]
[Round "08"]
[TimeControl "180+1"]
[Date "2022.12.14"]
[WhiteClock "0:01:36"]
[BlackClock "0:01:07"]

1. e4 d5 2. exd5 Qxd5 3. Nc3 Qa5 4. h3 Nf6 5. Nf3 c5 6. Bc4 Nc6 7. O-O Bf5 8. d3 Bg6 9. a3 Bh5 10. g4 Nxg4 11. hxg4 Bxg4 12. Kg2 Nd4 13. Bd2 Bxf3+ 14. Qxf3 Nxf3 15. Kxf3 Qd8 16. Rae1 e6 17. Re4 Be7 18. Rg1 O-O 19. Bh6 Bf6 20. Reg4 g6 21. Bxf8 Kxf8 22. Ne4 Be7 23. Rh1 f5 24. Rf4 e5 25. Rxh7 exf4 26. Rh8+ Kg7 27. Rxd8 fxe4+ 28. Kxe4 Rxd8 29. Kxf4 Rf8+ 30. Ke3 Bf6 31. c3 a6 32. Ke4 b5 33. Bb3 Bg5 34. Kd5 Rxf2 35. Kxc5 Rxb2 36. Bd5 Bd2 37. Kb6 Bxc3 38. Kxa6 0-1


[Site "https://www.chess.com"]

[Event "Titled Tuesday Blitz December 13 Late 2022"]
[White "Dzierzak, Radoslaw"]
[Black "Espinosa, Pedro"]
[WhiteFideId "1161407"]
[BlackFideId "30921066"]
[WhiteElo "2111"]
[BlackElo "2016"]
[Result "1-0"]
[Round "08"]
[TimeControl "180+1"]
[Date "2022.12.14"]
[WhiteClock "0:00:05"]
[BlackClock "0:00:08"]

1. e4 c5 2. Nf3 d6 3. d4 cxd4 4. Nxd4 Nf6 5. Nc3 Nc6 6. g3 g6 7. Nde2 Bg7 8. Bg2 O-O 9. O-O a6 10. h3 Qc7 11. Be3 b5 12. Nd5 Nxd5 13. exd5 Ne5 14. b3 Bb7 15. Rc1 Qa5 16. f4 Nd7 17. Nd4 Qxa2 18. Qd2 Rac8 19. Nc6 Bxc6 20. dxc6 Nc5 21. f5 Qb2 22. Kh2 Qc3 23. Qf2 Qe5 24. Rce1 Qxf5 25. Bxc5 Qxc5 26. Qxc5 dxc5 27. Rxe7 a5 28. Rfxf7 Rxf7 29. Bd5 Rd8 30. c7 Rc8 31. Rxf7 Kh8 32. Be6 Re8 33. c8=Q Rxc8 34. Bxc8 a4 35. Be6 a3 36. Ra7 b4 37. Kg2 Bc3 38. Kf3 Bd4 39. Ke4 a2 40. Rxa2 Kg7 41. Kd5 Kf6 42. Ra7 c4 43. Rf7+ Kg5 44. bxc4 Bc3 45. h4+ Kh6 46. g4 g5 47. h5 Bg7 48. c5 b3 49. c6 b2 50. Rb7 Bc3 51. Rb3 Kg7 52. Rxb2 Bxb2 53. c7 Ba3 54. c8=Q Bf8 55. Qd7+ Kf6 56. Qf7# 1-0


[Site "https://www.chess.com"]

[Event "Titled Tuesday Blitz December 13 Late 2022"]
[White "Estrada Nieto, Julian"]
[Black "Vedder, Richard"]
[WhiteFideId "5101018"]
[BlackFideId "1004166"]
[WhiteElo "2195"]
[BlackElo "2168"]
[Result "1/2-1/2"]
[Round "08"]
[TimeControl "180+1"]
[Date "2022.12.14"]
[WhiteClock "0:00:12"]
[BlackClock "0:00:48"]

1. e4 e5 2. Nf3 Nc6 3. Bb5 a6 4. Ba4 Nf6 5. O-O Nxe4 6. d4 b5 7. Bb3 d5 8. dxe5 Be6 9. c3 Bc5 10. Qe2 O-O 11. Be3 Bxe3 12. Qxe3 Qe7 13. Nbd2 Nxd2 14. Nxd2 Rad8 15. Nf3 Na5 16. Nd4 c5 17. Nxe6 fxe6 18. Rad1 Nc6 19. f4 d4 20. Qe4 c4 21. Qxc6 cxb3 22. axb3 dxc3 23. Rxd8 Rxd8 24. bxc3 g6 25. b4 Qa7+ 26. Kh1 Kf7 27. h3 Rd2 28. f5 gxf5 29. Qf3 Qd7 30. Qh5+ Kg7 31. Qg5+ Kf7 32. Qf6+ Kg8 33. Kh2 Rd3 34. Rf4 Rxc3 35. Rh4 Qf7 36. Qd8+ Qf8 37. Qd7 Qf7 38. Qd8+ Qf8 39. Qd7 Qf7 40. Qd8+ 1/2-1/2


[Site "https://www.chess.com"]

[Event "Titled Tuesday Blitz December 13 Late 2022"]
[White "Fernandez De La Vara, Arnaldo"]
[Black "Karas, Marek"]
[WhiteFideId "3518388"]
[BlackFideId "14928558"]
[WhiteElo "2387"]
[BlackElo "2247"]
[Result "0-1"]
[Round "08"]
[TimeControl "180+1"]
[Date "2022.12.14"]
[WhiteClock "0:00:01"]
[BlackClock "0:00:07"]

1. Nf3 g6 2. c4 Bg7 3. Nc3 e6 4. g3 d6 5. Bg2 Ne7 6. b3 O-O 7. Bb2 c5 8. d4 cxd4 9. Nxd4 Nbc6 10. Nc2 Qa5 11. Qd2 d5 12. cxd5 Nxd5 13. Bxd5 exd5 14. Na4 Qxd2+ 15. Kxd2 d4 16. Nc5 b6 17. Nd3 Bb7 18. Rhe1 Rfe8 19. Rad1 Rad8 20. Kc1 Bf6 21. e4 Bg7 22. f3 h5 23. Ncb4 Nxb4 24. Nxb4 Rc8+ 25. Kb1 Red8 26. Rd2 a5 27. Nd3 Bh6 28. Nf4 Bxf4 29. gxf4 d3 30. Rc1 Rxc1+ 31. Kxc1 Bc8 32. Rg2 Bh3 33. Rf2 Rc8+ 34. Kd2 Rd8 35. Ke3 Bc8 36. Bd4 b5 37. Kxd3 Ba6 38. Rc2 Rc8 39. Bc5 a4 40. b4 Rd8+ 41. Bd4 Bc8 42. Rc7 Be6 43. a3 Bc4+ 44. Ke3 Re8 45. Be5 Rd8 46. Bd4 Kf8 47. Rc5 Ke7 48. h4 Rd7 49. f5 Rb7 50. Re5+ Kd7 51. f6 Be6 52. Rc5 Bc4 53. f4 Rc7 54. Re5 Kc8 55. f5 gxf5 56. Rxf5 Kd7 57. Rxh5 Rc8 58. Rg5 Rh8 59. h5 Ke6 60. Re5+ Kd6 61. Rg5 Ke6 62. Kf3 Bd3 63. e5 Bc2 64. Kg4 Bd1+ 65. Kh4 Be2 66. Be3 Bd1 67. Bd2 Be2 68. Bf4 Bf3 69. Kg3 Bxh5 70. Kf2 Bg6 71. Rg3 Rd8 72. Ke2 Rd5 73. Rc3 Kf5 74. Ke3 Rd1 75. Rc5 Re1+ 76. Kd2 Ra1 77. Be3 Ra2+ 78. Kc3 Rxa3+ 79. Kd4 Ke6 80. Rc6+ Kf5 81. Rc5 Kg4 82. Bf2 Rd3# 0-1


[Site "https://www.chess.com"]

[Event "Titled Tuesday Blitz December 13 Late 2022"]
[White "Fernandez Garcia, Gumersindo"]
[Black "Oro, Faustino"]
[WhiteFideId "24516740"]
[BlackFideId "20000197"]
[WhiteElo "2140"]
[BlackElo "1984"]
[Result "0-1"]
[Round "08"]
[TimeControl "180+1"]
[Date "2022.12.14"]
[WhiteClock "0:00:27"]
[BlackClock "0:00:08"]

1. d4 Nf6 2. Nf3 e6 3. g3 d5 4. Bg2 Be7 5. O-O O-O 6. c4 dxc4 7. Qc2 b5 8. a4 b4 9. Nbd2 c5 10. dxc5 Bxc5 11. Nxc4 Bb7 12. Bg5 h6 13. Bf4 Nbd7 14. Rfd1 Qe7 15. b3 Bd5 16. Nfe5 Rac8 17. e4 Ba8 18. Nxd7 Nxd7 19. Qe2 e5 20. Be3 Bxe3 21. Nxe3 g6 22. Nd5 Bxd5 23. exd5 Qd6 24. Qd2 Rc3 25. Rac1 Rfc8 26. Qxh6 Nc5 27. Rxc3 bxc3 28. Qe3 Nxb3 29. Be4 Nd4 30. Rc1 Qb4 31. Kg2 Kg7 32. h4 Nb3 33. Rc2 Qxa4 34. h5 Qb4 35. hxg6 fxg6 36. Qg5 Qd6 37. Ra2 Rc7 38. Bc2 Nd4 39. Bd3 Qxd5+ 40. Kf1 Qh1# 0-1


[Site "https://www.chess.com"]

[Event "Titled Tuesday Blitz December 13 Late 2022"]
[White "Firouzja, Alireza"]
[Black "Nakamura, Hikaru"]
[WhiteFideId "12573981"]
[BlackFideId "2016192"]
[WhiteElo "2904"]
[BlackElo "2909"]
[Result "1/2-1/2"]
[Round "08"]
[TimeControl "180+1"]
[Date "2022.12.13"]
[WhiteClock "0:00:06"]
[BlackClock "0:00:19"]

1. e4 e5 2. Nf3 Nc6 3. Bb5 Nf6 4. O-O Nxe4 5. Re1 Nd6 6. Nxe5 Be7 7. Bf1 Nxe5 8. Rxe5 O-O 9. d4 Bf6 10. Re1 Re8 11. c3 Rxe1 12. Qxe1 b6 13. Bf4 Ne8 14. Nd2 Bb7 15. Ne4 Be7 16. Qe3 Nf6 17. Nxf6+ Bxf6 18. Re1 d6 19. Bd3 g6 20. Be4 d5 21. Bd3 Qd7 22. h3 Bg7 23. h4 Bf8 24. h5 c5 25. Bg5 Bc6 26. Qf4 Re8 27. Rxe8 Qxe8 28. hxg6 hxg6 29. Qc7 Qe1+ 30. Kh2 Qd1 31. Qxc6 Qh5+ 32. Kg1 Qxg5 33. Bf1 1/2-1/2


[Site "https://www.chess.com"]

[Event "Titled Tuesday Blitz December 13 Late 2022"]
[White "Gerbelli Neto, Eduardo"]
[Black "Banzea, Alexandru-Bogdan"]
[WhiteFideId "2103281"]
[BlackFideId "1232622"]
[WhiteElo "2178"]
[BlackElo "2294"]
[Result "0-1"]
[Round "08"]
[TimeControl "180+1"]
[Date "2022.12.14"]
[WhiteClock "0:00:06"]
[BlackClock "0:00:25"]

1. e4 c6 2. d4 d5 3. exd5 cxd5 4. c4 Nf6 5. Nc3 Nc6 6. Nf3 a6 7. cxd5 Nxd5 8. Qb3 Be6 9. Qd1 Nxc3 10. bxc3 Bd5 11. Nd2 g6 12. c4 Be6 13. d5 Bg7 14. Rb1 Bf5 15. dxc6 Bxb1 16. cxb7 Rb8 17. Nxb1 Qa5+ 18. Bd2 Qe5+ 19. Be2 Rxb7 20. Qa4+ Kf8 21. Qc2 Rb2 22. Qd3 Qd4 23. O-O Qxd3 24. Bxd3 f5 25. Bc3 Rxa2 26. Bxg7+ Kxg7 27. Re1 Kf7 28. c5 Ra5 29. c6 Rc5 30. Bxa6 Rxc6 31. Bb7 Rc5 32. Nd2 Rb8 33. Bf3 e5 34. g3 e4 35. Be2 Rb2 36. Nf1 Rcc2 37. Bd1 Rxf2 38. Ne3 Rxh2 0-1


[Site "https://www.chess.com"]

[Event "Titled Tuesday Blitz December 13 Late 2022"]
[White "Goroshkov, Maksym"]
[Black "Figorito, Nick"]
[WhiteFideId "14142716"]
[BlackFideId "30923689"]
[WhiteElo "2258"]
[BlackElo "2441"]
[Result "1-0"]
[Round "08"]
[TimeControl "180+1"]
[Date "2022.12.14"]
[WhiteClock "0:00:10"]
[BlackClock "0:00:03"]

1. e4 e6 2. d4 d5 3. exd5 exd5 4. c4 Nf6 5. Nc3 Bd6 6. Nf3 O-O 7. Be2 dxc4 8. Bxc4 Bg4 9. O-O Nc6 10. Be3 Ne7 11. Be2 c6 12. Ne5 Bxe2 13. Qxe2 Ned5 14. Bg5 Be7 15. Rfe1 Re8 16. Qc4 Rf8 17. Qb3 Nb6 18. Rad1 Rb8 19. Ng4 Nbd5 20. Nxd5 Nxd5 21. Bxe7 Nxe7 22. Qg3 Ng6 23. Ne5 Qd5 24. b3 Rbe8 25. h4 Ne7 26. Qh3 f6 27. Nd7 Rf7 28. Nc5 b6 29. Ne6 Ng6 30. h5 Nf8 31. Nxf8 Rfxf8 32. h6 g6 33. Qg3 Qd7 34. Qf3 f5 35. d5 cxd5 36. Rxe8 Rxe8 37. Rxd5 Re1+ 38. Kh2 Qc7+ 39. g3 Re8 40. Qd3 Re7 41. Qd4 Qc2 42. Rd8+ Kf7 43. Rd6 Qe4 44. Qg7+ Ke8 45. Qg8# 1-0


[Site "https://www.chess.com"]

[Event "Titled Tuesday Blitz December 13 Late 2022"]
[White "Grigoriants, Sergey"]
[Black "Domingo Nunez, Ruben"]
[WhiteFideId "4130804"]
[BlackFideId "22245570"]
[WhiteElo "2502"]
[BlackElo "2406"]
[Result "0-1"]
[Round "08"]
[TimeControl "180+1"]
[Date "2022.12.13"]
[WhiteClock "0:00:04"]
[BlackClock "0:00:04"]

1. d4 Nf6 2. c4 g6 3. f3 d6 4. e4 Nbd7 5. Nc3 Bg7 6. Be3 c6 7. Nh3 h5 8. Nf2 h4 9. Be2 a6 10. O-O b5 11. Rc1 bxc4 12. Bxc4 d5 13. Bb3 Nb6 14. e5 Nh7 15. Na4 Bd7 16. Nxb6 Qxb6 17. Nd3 h3 18. g4 O-O 19. Nc5 Bc8 20. f4 f6 21. e6 f5 22. g5 Rd8 23. Bf2 Nf8 24. Re1 Rd6 25. Rc3 Nxe6 26. Nxe6 Rxe6 27. Rxh3 Re4 28. Rxe4 fxe4 29. Rc3 Bd7 30. h4 a5 31. Qd2 a4 32. Bd1 a3 33. Rxa3 Rxa3 34. bxa3 Qb1 35. Kg2 Bc8 36. Be2 Bf5 37. Be3 Bf8 38. a4 Bc8 39. a5 Qb7 40. h5 Qd7 41. hxg6 Qh3+ 42. Kf2 Qh2+ 43. Ke1 Qh1+ 44. Bf1 Bh3 45. Qe2 e6 46. a6 Bb4+ 47. Bd2 Bxd2+ 48. Kxd2 Bxf1 49. a7 Bxe2 50. a8=Q+ Kg7 51. Qe8 e3+ 52. Kc3 Qc1+ 53. Kb4 Qc4+ 54. Ka3 Qc3+ 55. Ka4 Bb5# 0-1


[Site "https://www.chess.com"]

[Event "Titled Tuesday Blitz December 13 Late 2022"]
[White "Gutkin, Ilya"]
[Black "Gritsenko, Nikolai"]
[WhiteFideId "16203470"]
[BlackFideId "14112493"]
[WhiteElo "2265"]
[BlackElo "2389"]
[Result "1/2-1/2"]
[Round "08"]
[TimeControl "180+1"]
[Date "2022.12.13"]
[WhiteClock "0:00:15"]
[BlackClock "0:00:06"]

1. Nf3 c5 2. b3 b6 3. g3 Bb7 4. Bg2 Nf6 5. c4 e6 6. Bb2 Be7 7. O-O O-O 8. d4 cxd4 9. Qxd4 d6 10. Nc3 a6 11. Rfd1 Nbd7 12. Ne1 Qc7 13. Ne4 Rfd8 14. Rac1 Nc5 15. Nxf6+ Bxf6 16. Qd2 Bxb2 17. Qxb2 a5 18. Bxb7 Qxb7 19. Rc2 Rd7 20. Nd3 Rad8 21. Qc3 h6 22. Nxc5 dxc5 23. Rcd2 Rxd2 24. Rxd2 Rxd2 25. Qxd2 Qc7 26. f3 Kf8 27. Kg2 Ke7 28. Qc3 f6 29. Qd3 Qe5 30. Kf2 f5 31. Qd2 g5 32. Kg2 Qd4 33. Qxd4 cxd4 34. f4 g4 35. Kf2 Kd6 36. e3 Kc5 37. Ke2 a4 38. Kd3 dxe3 39. Kxe3 axb3 40. axb3 h5 41. Kd3 Kb4 42. Kd4 Kxb3 43. c5 bxc5+ 44. Kxc5 Kc3 45. Kd6 Kd3 46. Kxe6 Ke4 47. Kf6 h4 48. Kg5 h3 49. Kf6 Kf3 50. Kxf5 Kg2 51. Kxg4 Kxh2 52. f5 Kg2 53. f6 h2 54. f7 h1=Q 55. f8=Q Qh3+ 56. Kg5 Qxg3+ 57. Kh6 Qh3+ 58. Kg7 Qg4+ 59. Kh8 Qh3+ 60. Kg8 Qg3+ 61. Qg7 Kh2 62. Qxg3+ Kxg3 1/2-1/2


[Site "https://www.chess.com"]

[Event "Titled Tuesday Blitz December 13 Late 2022"]
[White "Harshavardhan G B"]
[Black "Toncheva, Nadya"]
[WhiteFideId "25059009"]
[BlackFideId "2924056"]
[WhiteElo "2323"]
[BlackElo "2101"]
[Result "1/2-1/2"]
[Round "08"]
[TimeControl "180+1"]
[Date "2022.12.14"]
[WhiteClock "0:00:38"]
[BlackClock "0:00:13"]

1. d4 d5 2. c4 dxc4 3. e4 e5 4. Nf3 Bb4+ 5. Bd2 Bxd2+ 6. Nbxd2 exd4 7. Bxc4 Nc6 8. O-O Qf6 9. e5 Qg6 10. Nb3 Nge7 11. Nbxd4 Nxd4 12. Qxd4 O-O 13. Qc5 Nc6 14. Bd5 Bd7 15. Rad1 Rad8 16. b4 a6 17. Rfe1 Rfe8 18. a4 Qf5 19. b5 axb5 20. axb5 b6 21. Qc3 Na7 22. Qxc7 Nxb5 23. Qxb6 Nc3 24. Rd4 Nxd5 25. Rxd5 Rb8 26. Qe3 Bc6 27. Nd4 Qg6 28. Nxc6 Qxc6 29. Rc5 Qe6 30. h3 h6 31. Rec1 Rbc8 32. Qf3 Rxc5 33. Rxc5 Rc8 34. Rd5 Rb8 35. Kh2 Rc8 36. Qe4 Rb8 37. Rd6 Qe7 38. Qe3 Re8 39. Rd5 Qe6 40. Qd3 Qe7 41. f4 Qc7 42. Rd7 Qc6 43. Qd5 Qxd5 44. Rxd5 h5 45. Kg3 g6 46. Kf3 Kg7 47. Rd7 Re6 48. Ke4 Ra6 49. Kd5 Ra5+ 50. Kc6 Ra2 51. e6 Ra6+ 52. Kd5 Rxe6 53. g4 hxg4 54. hxg4 Rf6 55. Ke5 Re6+ 56. Kd4 Re1 57. Ra7 Rg1 58. g5 Rd1+ 59. Ke4 Re1+ 60. Kd5 Rd1+ 61. Ke5 Re1+ 62. Kd6 Rd1+ 63. Ke5 Re1+ 64. Kd5 Rd1+ 65. Ke4 Re1+ 66. Kf3 Rf1+ 67. Ke3 Re1+ 68. Kf2 Re4 69. Kf3 Rb4 70. Ra5 Rb3+ 71. Ke4 Rb1 72. Ra4 Re1+ 73. Kd5 Rd1+ 74. Rd4 Rxd4+ 75. Kxd4 Kf8 76. Kd5 Ke7 77. Ke5 Ke8 78. Kd5 Ke7 79. Ke5 Ke8 80. Kd6 Kf8 81. Kd7 Kg7 82. Ke7 Kg8 83. Ke8 Kg7 84. Kd7 Kf8 85. Kd8 Kg7 86. Ke7 Kg8 87. Kf6 Kf8 88. Ke5 Ke7 89. Kd5 Kd7 90. Ke5 Ke7 91. Ke4 Ke6 92. Kd4 Kf5 93. Ke3 Ke6 94. Ke4 Kd6 95. f5 gxf5+ 96. Kxf5 Ke7 97. Ke5 Kf8 98. Kf6 Kg8 99. Ke7 Kg7 100. Ke8 Kg6 101. Kf8 f5 102. gxf6 Kxf6 1/2-1/2


[Site "https://www.chess.com"]

[Event "Titled Tuesday Blitz December 13 Late 2022"]
[White "Herman, Daniel"]
[Black "Sariego Figueredo, Wilfredo"]
[WhiteFideId "30935008"]
[BlackFideId "3500080"]
[WhiteElo "1897"]
[BlackElo "2309"]
[Result "1-0"]
[Round "08"]
[TimeControl "180+1"]
[Date "2022.12.14"]
[WhiteClock "0:02:33"]
[BlackClock "0:02:19"]

1. e4 c5 2. c3 d5 3. exd5 Qxd5 4. Nf3 e5 5. d4 exd4 6. cxd4 cxd4 7. Nxd4 Bc5 8. Be3 Nf6 9. Nc3 Nc6 10. Nxd5 Nxd5 11. Nxc6 Bxe3 12. Qxd5 1-0


[Site "https://www.chess.com"]

[Event "Titled Tuesday Blitz December 13 Late 2022"]
[White "Holt, Conrad"]
[Black "Rosen, Eric"]
[WhiteFideId "2034387"]
[BlackFideId "2032562"]
[WhiteElo "2592"]
[BlackElo "2362"]
[Result "1-0"]
[Round "08"]
[TimeControl "180+1"]
[Date "2022.12.13"]
[WhiteClock "0:00:08"]
[BlackClock "0:00:04"]

1. d4 d5 2. c4 e6 3. Nc3 Nf6 4. cxd5 exd5 5. Bg5 c6 6. e3 Bd6 7. Bd3 h6 8. Bh4 O-O 9. Nge2 Re8 10. Qc2 a5 11. h3 Na6 12. a3 Nc7 13. O-O Ne6 14. Kh1 Ng5 15. Ng1 Qc7 16. f4 Nge4 17. Nf3 Bf5 18. Ne5 Bh7 19. Ne2 c5 20. Bxf6 gxf6 21. Ng4 Kg7 22. Rac1 c4 23. Bxe4 Bxe4 24. Qd2 h5 25. Nf2 b5 26. Nc3 Qb7 27. a4 Bb4 28. Nfxe4 Rxe4 29. axb5 Bxc3 30. Rxc3 Qxb5 31. Qe2 Rh8 32. Ra1 f5 33. b3 Qb4 34. Qc2 Qe7 35. bxc4 dxc4 36. Rxc4 Rxe3 37. Qxf5 Re1+ 38. Rxe1 Qxe1+ 39. Kh2 Rh6 40. Rc5 Rg6 41. Qe5+ Qxe5 42. fxe5 Ra6 43. d5 a4 44. d6 a3 45. d7 a2 46. d8=Q a1=Q 47. Qg5+ Rg6 48. Qd2 Qa7 49. Rd5 Qe7 50. Qf4 h4 51. Rd4 Qe6 52. Qe3 Qf5 53. Rxh4 Rg5 54. Rf4 Qxe5 55. Qf3 Rf5 56. Qg3+ Rg5 57. Rg4 Qxg3+ 58. Kxg3 Rg6 59. Rxg6+ fxg6 60. Kf4 Kf6 61. h4 Kf7 62. Kg5 Kg7 63. g3 Kf7 64. Kh6 Kf6 65. g4 g5 66. hxg5+ Kf7 67. Kh7 Kf8 68. g6 Ke7 69. g7 Kf6 70. g8=Q Ke5 71. g5 1-0


[Site "https://www.chess.com"]

[Event "Titled Tuesday Blitz December 13 Late 2022"]
[White "Ibarra Jerez, Jose Carlos"]
[Black "Goltsev, Dmitry"]
[WhiteFideId "2226332"]
[BlackFideId "24176710"]
[WhiteElo "2638"]
[BlackElo "2327"]
[Result "1-0"]
[Round "08"]
[TimeControl "180+1"]
[Date "2022.12.13"]
[WhiteClock "0:01:09"]
[BlackClock "0:00:33"]

1. e4 e6 2. d4 d5 3. Nc3 c5 4. exd5 exd5 5. dxc5 Nf6 6. Be3 Nc6 7. Nf3 Be7 8. Bb5 O-O 9. h3 Bf5 10. O-O Rc8 11. a3 Re8 12. b4 Ne4 13. Nxd5 Bf6 14. c4 Bxa1 15. Qxa1 a6 16. Ba4 Re6 17. Rd1 Qe8 18. Nd4 Re5 19. Bf4 Bg6 20. Nxc6 bxc6 21. Bxe5 Qe6 22. Nf4 Qf5 23. Bc2 Re8 24. Bxe4 Qxe4 25. Nxg6 hxg6 26. Bxg7 1-0


[Site "https://www.chess.com"]